 Dungeon Crawl Stone Soup version 0.32-a0-791-gfc315c9ecd (webtiles) character file.

Game seed: 6771933356602175172

75 Revguard the Trooper (level 4, -2/35 HPs)
             Began as a Demonspawn Fighter on Mar 20, 2024.
             Slain by an ogre
             ... wielding a +0 giant club
              (9 damage)
             ... on level 3 of the Dungeon.
             The game lasted 00:05:08 (1773 turns).

Revguard the Trooper (Demonspawn Fighter)           Turns: 1773, Time: 00:05:08

Health: -2/35      AC:  7    Str: 19    XL:     4   Next: 11%
Magic:  5/5        EV:  8    Int:  8    God:
Gold:   66         SH:  4    Dex: 12    Spells: 3/3 levels left

rFire   . . .        a - +0 war axe
rCold   . . .        c - +0 buckler
rNeg    . . .        b - +0 scale mail
rPois   .            j - +0 helmet
rElec   .            (no cloak)
rCorr   .            (no gloves)
SInv    .            (no boots)
Will    .....        (no amulet) Stlth
                     (no ring)
HPRegen 0.25/turn    (no ring)
MPRegen 0.18/turn

%: no passive effects
@: no status effects
A: spiny 1, magic regeneration
a: no special abilities


You were on level 3 of the Dungeon.
You visited 1 branch of the dungeon, and saw 3 of its levels.

You collected 66 gold pieces.

Inventory:

Hand Weapons
 a - a +0 war axe (weapon)
Armour
 b - a +0 scale mail (worn)
 c - a +0 buckler (worn)
 j - a +0 helmet (worn)
Jewellery
 f - a ring of ice
Scrolls
 e - 2 scrolls of summoning
 g - a scroll of revelation {unknown}
 k - 2 scrolls of identify {unknown}
 l - a scroll of fog {unknown}
 m - a scroll of enchant weapon {unknown}
 n - a scroll of teleportation {unknown}
 o - a scroll of immolation {unknown}
Potions
 d - a potion of might
 h - 2 potions of attraction {unknown}
 i - 2 potions of magic {unknown}


   Skills:
 + Level 3.3 Fighting
 + Level 2.1 Axes
 + Level 3.0 Armour
 + Level 1.0 Dodging
 + Level 3.0 Shields
 + Level 1.8 Invocations
 + Level 1.1 Evocations


You had 3 spell levels left.
You didn't know any spells.
Your spell library was empty.

Dungeon Overview and Level Annotations

Branches:
Dungeon (3/15)

Altars:
Ru


Innate Abilities, Weirdness & Mutations

You are partially covered in sharp spines.
You regenerate magic rapidly.


Message History

There is a stone staircase leading up here.
There are monsters nearby!
Found a black potion.
The ribbon worm expels a string of sticky webbing.
The stream of webbing hits you but does no damage.
You are caught in a web!
There is a stone staircase leading up here.
A ball python comes into view.
The ball python hisses angrily.
You closely miss the ball python.
The ball python is struck by your spines.
You kill the ball python!
Your Dodging skill increases to level 1!
You see here a ball python corpse.
The ribbon worm is struck by your spines.
The ribbon worm bites you.
You hit the ribbon worm.
The ribbon worm is heavily wounded.
You block the ribbon worm's attack.
You hit the ribbon worm.
The ribbon worm is severely wounded.
The ribbon worm bites you.
You slash the ribbon worm!
You kill the ribbon worm!
You hit the ogre.
The ogre is lightly wounded.
The ogre hits you with a +0 giant club!!
Ouch! That really hurt!
* * * LOW HITPOINT WARNING * * *
You barely miss the ogre.
The ogre is lightly wounded.
The ogre barely misses you.
You slash the ogre!
The ogre is moderately wounded.
The ogre hits you with a +0 giant club.
* * * LOW HITPOINT WARNING * * *
You barely miss the ogre.
The ogre is moderately wounded.
The ogre is struck by your spines. The ogre hits you with a +0 giant club!
You die...

..........
.......#.###
##..)O.....
.......#.#
#.......#
#..!#.#<#
... #.#.# #
#.#O# #.#@#
..#†# ###.#
#.# #.# #.#
#.# ... #.#


You could see an ogre.

Vanquished Creatures
  Robin (D:2)
  3 dart slugs
  A ribbon worm (D:3)
  5 bats
  3 endoplasms
  A giant cockroach (D:1)
  13 goblins
  3 hobgoblins (D:2)
  2 jackals (D:2)
  3 kobolds
  A quokka (D:2)
  7 ball pythons
  3 frilled lizards (D:1)
  6 rats
52 creatures vanquished.

Notes
Turn   | Place    | Note
-------+----------+-------------------------------------------
     0 | D:1      | Revguard the Demonspawn Fighter began the quest for the
                  | Orb.
     0 | D:1      | Reached XP level 1. HP: 18/18 MP: 1/1
    63 | D:1      | Gained mutation: You are partially covered in sharp spines.
                  | [demonic ancestry]
    63 | D:1      | Reached XP level 2. HP: 24/24 MP: 2/2
   311 | D:1      | Reached skill level 1 in Invocations
   474 | D:1      | Found a faded altar of an unknown god.
  1001 | D:2      | Reached XP level 3. HP: 29/29 MP: 3/3
  1001 | D:2      | Noticed Robin
  1011 | D:2      | Killed Robin
  1016 | D:2      | Reached skill level 1 in Evocations
  1411 | D:2      | Found a sacrificial altar of Ru.
  1415 | D:2      | Gained mutation: You regenerate magic rapidly. [demonic
                  | ancestry]
  1415 | D:2      | Reached XP level 4. HP: 35/35 MP: 5/5
  1757 | D:3      | Noticed an ogre
  1765 | D:3      | Reached skill level 1 in Dodging
  1773 | D:3      | Slain by an ogre

Illustrated notes

Levels and vault maps discovered:
D:1:      psy_arrival_basics, layout_basic,
          dreamdust_ecumenical_altar_angels_and_demons, chequers_big_river,
          chequers_serial_rivers_small_b
D:2:      layout_basic, basic_altar, uniq_robin
D:3:      layout_basic, zin_scriptorium, jmf_multi_god_temple2, uniq_terence

Skill      XL: |  1  2  3  4 |
---------------+-------------+-----
Axes           | 2 |  2.1
Invocations    | 1 |  1.8
Evocations     | 1 |  1.1
Armour         | 3 |  3.0
Shields        | 3 |  3.0
Dodging        | 1 |  1.0
Fighting       | |  3.3

Action                     |  1- 3 |  4- 6 || total
---------------------------+-------+-------++-------
  Melee: War axe           |    68 |    13 ||    81
    Use: Scroll            |     1 |       ||     1
 Armour: Scale mail        |    50 |     6 ||    56
  Dodge: Dodged            |    22 |     5 ||    27
  Block: Buckler           |    13 |     2 ||    15

Table legend: (Time is in decaauts)
 A = Elapsed time spent in this place.
 B = Non-inter-level travel time spent in this place.
 C = Inter-level travel time spent in this place.
 D = Time resting spent in this place.
 E = Time spent auto-exploring this place.
 F = Levels seen in this place.
 G = Mean time per level.
                   A        B        C        D        E       F      G
               +--------+--------+--------+--------+--------+-----+--------+
         Total |   1813 |   1751 |     62 |      0 |   1437 |   3 |  604.3 |
       Dungeon |   1813 |   1751 |     62 |      0 |   1437 |   3 |  604.3 |
               +--------+--------+--------+--------+--------+-----+--------+

Top non-repeatable levels by time:
     D:1: 1008 daAuts
     D:2: 786 daAuts
     D:3: 18 daAuts
